 Dungeon Crawl Stone Soup version 0.30-a0-55-g90e3122c3a (webtiles) character file.

Game seed: 7813405771529780170

42 Newt the Trooper (level 3, -2/29 HPs)
             Began as a Demonspawn Gladiator on Sept 9, 2022.
             Slain by a quokka (3 damage)
             ... on level 2 of the Dungeon.
             The game lasted 00:01:36 (1104 turns).

Newt the Trooper (Demonspawn Gladiator)             Turns: 1104, Time: 00:01:36

Health: -2/29      AC:  4    Str: 16    XL:     3   Next: 35%
Magic:  3/3        EV: 12    Int:  9    God:
Gold:   23         SH:  0    Dex: 14    Spells: 2/2 levels left

rFire   . . .      SeeInvis .    a - +0 rapier
rCold   . . .      Faith    .    (no shield)
rNeg    . . .      Spirit   .    b - +0 leather armour
rPois   .          Reflect  .    c - +0 helmet
rElec   .          Harm     .    (no cloak)
rCorr   .          Rampage  .    (no gloves)
Will    .....                    (no boots)
Stlth   ++........               (no amulet)
HPRegen 0.09/turn                (no ring)
MPRegen 0.08/turn                (no ring)

@: lethally poisoned (-2 -> -10), about to teleport
A: powered by death 1
a: no special abilities


You were on level 2 of the Dungeon.
You visited 1 branch of the dungeon, and saw 2 of its levels.

You collected 23 gold pieces.

Inventory:

Hand Weapons
 a - a +0 rapier (weapon)
Missiles
 d - 3 throwing nets (quivered)
 e - a javelin
 i - 4 poisoned darts
Armour
 b - a +0 leather armour (worn)
 c - a +0 helmet (worn)
Scrolls
 h - a scroll of acquirement
 j - a scroll of silence {unknown}
 k - a scroll of poison {unknown}


   Skills:
 * Level 3.1 Fighting
 - Level 2.6 Short Blades
 - Level 1.7 Throwing
 - Level 2.6 Dodging
 - Level 2.0 Stealth


You had 2 spell levels left.
You didn't know any spells.
Your spell library was empty.

Dungeon Overview and Level Annotations

Branches:
Dungeon (2/15)

Altars:


Innate Abilities, Weirdness & Mutations

You regenerate a little health from kills.


Message History

The slug dart hits you.
You hit the adder but do no damage.
The adder is heavily wounded.
The adder bites you but does no damage. x2
You hit the adder.
The adder is severely wounded.
The quokka barely misses you. The dart slug launches a dart at you.
The slug dart hits you. The adder bites you.
You are poisoned.
The adder poisons you! The adder attacks as you move away!
The adder misses you.
You feel sick.
The quokka bites you but does no damage.
The quokka bites you. The adder attacks as you move away! The adder bites you.
You are more poisoned.
The adder poisons you!
You feel sick. The quokka closely misses you. The adder bites you.
* * * LOW HITPOINT WARNING * * *
You are lethally poisoned!
The adder poisons you! The quokka attacks as you move away!
The quokka bites you but does no damage.
The adder attacks as you move away! The adder barely misses you.
* * * LOW HITPOINT WARNING * * *
You feel very sick.
Unknown command.
You aren't carrying any potions.
You aren't carrying any potions.
As you read the scroll labelled MEJIWO NENISM, it crumbles to dust.
You feel strangely unstable.
It was a scroll of teleportation.
* * * LOW HITPOINT WARNING * * *
You feel sick. The quokka misses you.
Unknown command.
As you read the scroll labelled UQUH DEUVEG, it crumbles to dust.
It is a scroll of identify.
h - a scroll of acquirement
* * * LOW HITPOINT WARNING * * *
You feel sick. The adder closely misses you. The quokka bites you.
You die...

#.# ...# #†#
####...##
#.####)####........
.##...†..............
.....###†#..#..$.....
#..> #.##.......... .
... #.####....####
#.###.##.....#w#
#..#S@...#..#.#.#
#...r#####..##.#
>####..w.# ..b# #$#
........w# #..# #$#
##.....#.# ##.# #.
.....#.#...
.#...#.##.## #).##.
.# #.. #. ##


You could see an adder, a dart slug and a quokka.

Vanquished Creatures
  A worm (D:2)
  A dart slug (D:2)
  An orc (D:2)
  6 bats
  3 endoplasms
  4 giant cockroaches (D:1)
  3 goblins (D:1)
  4 hobgoblins
  A kobold (D:1)
  2 quokkas (D:1)
  3 ball pythons (D:1)
  A frilled lizard (D:2)
  3 rats (D:1)
33 creatures vanquished.

Notes
Turn   | Place    | Note
-------+----------+-------------------------------------------
     0 | D:1      | Newt the Demonspawn Gladiator began the quest for the Orb.
     0 | D:1      | Reached XP level 1. HP: 16/16 MP: 1/1
    75 | D:1      | Reached skill level 1 in Stealth
   357 | D:1      | Gained mutation: You regenerate a little health from kills.
                  | [demonic ancestry]
   357 | D:1      | Reached XP level 2. HP: 22/22 MP: 2/2
   837 | D:1      | Reached XP level 3. HP: 28/28 MP: 3/3
   988 | D:1      | Found a faded altar of an unknown god.
  1033 | D:2      | Identified the +10 whip of Pyfongeivu {vorpal, rF+ Int-4
                  | Dex+2}
  1073 | D:2      | Reached skill level 3 in Fighting
  1104 | D:2      | Identified a scroll of acquirement
  1104 | D:2      | HP: 1/29 [poisoned by an adder]
  1104 | D:2      | Slain by a quokka

Illustrated notes

Levels and vault maps discovered:
D:1:      ncdulo_smallfort, layout_basic, shapermc_ecumenical_altar_mp_vishouse
D:2:      layout_rooms, minivault_27, minmay_circle_x

Skill      XL: |  1  2  3 |
---------------+----------+-----
Stealth        | 1 2 |  2.0
Fighting       | 3 |  3.1
Short Blades   | |  2.6
Throwing       | |  1.7
Dodging        | |  2.6

Action                   || total
-------------------------++-------
Melee: Rapier            ||    95
       Punch             ||     1
Throw: Throwing net      ||     1
  Use: Scroll            ||     2
 Stab: Sleeping          ||     7
       Held in net/web   ||     1
Armor: Leather armour    ||    25
Dodge: Dodged            ||    89

Table legend: (Time is in decaauts)
 A = Elapsed time spent in this place.
 B = Non-inter-level travel time spent in this place.
 C = Inter-level travel time spent in this place.
 D = Time resting spent in this place.
 E = Time spent auto-exploring this place.
 F = Levels seen in this place.
 G = Mean time per level.
                   A        B        C        D        E       F      G
               +--------+--------+--------+--------+--------+-----+--------+
         Total |   1109 |   1102 |      7 |      0 |    857 |   2 |  554.5 |
       Dungeon |   1109 |   1102 |      7 |      0 |    857 |   2 |  554.5 |
               +--------+--------+--------+--------+--------+-----+--------+

Top non-repeatable levels by time:
     D:1: 1034 daAuts
     D:2: 75 daAuts
